 Dungeon Crawl Stone Soup version 0.18-a0-1435-gee79d65 (webtiles) character file.

29 M4edhros the Charlatan (level 3, 23/23 HPs)
             Began as an Octopode Artificer on Feb 28, 2016.
             Quit the game in the Ecumenical Temple.
             The game lasted 00:03:43 (1565 turns).

M4edhros the Charlatan (Octopode Artificer)         Turns: 1565, Time: 00:03:43

Health: 23/23      AC:  1    Str: 10    XL:     3   Next: 16%
Magic:  5/5        EV: 12    Int: 15    God:
Gold:   29         SH:  0    Dex: 12    Spells: 0 memorised, 2 levels left

rFire  . . .     SeeInvis .       - Unarmed
rCold  . . .     Gourm    .     (no shield)
rNeg   . . .     Faith    .     (helmet restricted)
rPois  .         Spirit   .     (no amulet)
rElec  .         Dismiss  .     m - ring of flight
rCorr  .         Reflect  .     (no ring)
SustAt .         Harm     .     (no ring)
MR     .....                    (no ring)
Stlth  +++.......               (no ring)
                                (no ring)
                                (no ring)
                                (no ring)

@: not resistant to hostile enchantments, fairly stealthy
A: almost no armour, amphibious, 8 rings, constrict 8, camouflage 1, gelatinous
body 1
a: Evoke Flight


You were in the Ecumenical Temple.
You were near starving.

You visited 2 branches of the dungeon, and saw 5 of its levels.

You collected 29 gold pieces.

Inventory:

Hand Weapons
 n - a +0 hunting sling
Missiles
 o - 23 stones (quivered)
Jewellery
 m - a ring of flight (left tentacle)
Wands
 b - a wand of flame (12/48)
 c - a wand of enslavement (13/24)
 d - a wand of random effects (14/48)
 p - a wand of lightning (10/15)
Scrolls
 a - a scroll of random uselessness {unknown}
 g - a scroll of noise {unknown}
 h - a scroll of enchant weapon {unknown}
 i - 2 scrolls of enchant armour {unknown}
Potions
 e - a potion of flight {unknown}
 j - a potion of brilliance {unknown}
 k - a potion of curing {unknown}
Comestibles
 f - 2 bread rations
 l - a meat ration


   Skills:
 - Level 1.0 Fighting
   Level 1.0 Short Blades
 - Level 2.0 Dodging
 - Level 1.3 Stealth
 + Level 2.6 Unarmed Combat
 - Level 3.2 Evocations


You had 2 spell levels left.
You didn't know any spells.

Dungeon Overview and Level Annotations

Branches:
Dungeon (4/15)             Temple (1/1) D:4

Altars:
Ashenzari
Elyvilon
Fedhas
Kikubaaqudgha
Makhleb
Nemelex Xobeh
Sif Muna
Zin

Annotations:
D:3 Meriados's ghost, amateur HuCK


Innate Abilities, Weirdness & Mutations

You cannot wear most types of armour.
You are amphibious.
You can wear up to eight rings at the same time.
You can use your tentacles to constrict eight enemies at once.
Your skin changes colour to match your surroundings (Stealth).
Your rubbery body absorbs attacks (AC +1).


Message History

Ouch! That really hurt!
You see here an arrow.
Found 4 gold pieces.
There is a staircase to the Ecumenical Temple here.
You climb downwards.
Welcome to the Ecumenical Temple!
There is a staircase back to the Dungeon here.
You start resting.
You are near starving!
You start resting.
HP restored.
Found an ancient bone altar of Kikubaaqudgha.
Found a shattered altar of Ashenzari.
Found a blossoming altar of Fedhas.
Found a sparkling altar of Nemelex Xobeh.
There is a fountain of clear blue water here.
There is a fountain of clear blue water here.
Found a glowing silver altar of Zin and a white marble altar of Elyvilon.
Quiver which item? (- for none, * to show all) (? for menu, Esc to quit)
Okay, then.
Are you sure you want to abandon this character and quit the game? (Confirm with "yes".)

........8.............8.......
..............................
..............................
...._....................._...
.............⌠...⌠............
..............................
..............................
..8.......⌠....<....⌠.......8.
................@.............
..............................
.............⌠...⌠............
...._....................._...
..............................
..............................
........8.............8.......
.............._.............
#.........................


There were no monsters in sight!

Vanquished Creatures
  A dart slug (D:2)
  2 giant geckos (D:2)
  An orc (D:3)
  6 goblins
  4 hobgoblins
  2 kobolds
  A giant newt (D:2)
  A rat (D:1)
18 creatures vanquished.

Vanquished Creatures (collateral kills)
  A dart slug (D:2)
  A giant cockroach (D:2)
2 creatures vanquished.

Grand Total: 20 creatures vanquished

Notes
Turn   | Place    | Note
--------------------------------------------------------------
     0 | D:1      | M4edhros the Octopode Artificer began the quest for the Orb.
     0 | D:1      | Reached XP level 1. HP: 13/13 MP: 3/3
    75 | D:1      | Reached skill level 1 in Unarmed Combat
   443 | D:1      | Reached XP level 2. HP: 15/18 MP: 4/4
   529 | D:2      | Upgraded the game from 0.18-a0-1426-g3b9a63c to 0.18-a0-1435-gee79d65
   716 | D:2      | Found a deep blue altar of Sif Muna.
   763 | D:3      | Noticed Meriados's ghost (amateur HuCK)
   851 | D:2      | Reached XP level 3. HP: 5/23 MP: 5/5
  1118 | D:2      | Found a burning altar of Makhleb.
  1354 | D:4      | Found a staircase to the Ecumenical Temple.
  1355 | D:4      | Noticed a centaur
  1362 | Temple   | Entered the Ecumenical Temple
  1565 | Temple   | Quit the game

Vault maps used:
D:1:      lemuel_arrival_funnel, minmay_ruptured
D:2:      grunt_temple_overflow_holy_war, lemuel_doored_altar,
          lemuel_crystal_altar, first_bread
D:3:      cheibriados_altar_1, ecumenical_altar_2, minivault_24
D:4:      lemuel_crystal_altar, minmay_temple_entry_trees, uniq_natasha
Temple:   circular_temple_6

Skill      XL: |  1  2 |
---------------+-------+-----
Unarmed Combat | 1 2 |  2.6
Fighting       | |  1.0
Short Blades   | |  1.0
Dodging        | |  2.0
Stealth        | |  1.3
Evocations     | |  3.2

Action                   || total
-------------------------++-------
Melee: Unarmed           ||    38
Evoke: Wand              ||     6
 Stab: Sleeping          ||     5
